 Dungeon Crawl Stone Soup version 0.17-a0-1674-g2b13139 (webtiles) character file.

302 Kelyas the Vandal (level 6, -2/30 HPs)
             Began as a Spriggan Arcane Marksman on Aug 18, 2015.
             Killed by divine providence
             ... invoked by an orc priest
              (10 damage)
             ... on level 4 of the Dungeon.
             The game lasted 00:21:00 (3925 turns).

Kelyas the Vandal (Spriggan Arcane Marksman)        Turns: 3925, Time: 00:21:01

Health: -2/30      AC:  3    Str:  7    XL:     6   Next: 14%
Magic:  4/11       EV: 18    Int: 14    God:
Gold:   157        SH:  0    Dex: 18    Spells: 4 memorised, 2 levels left

rFire  + . .     SeeInvis +     j - +0 hunting sling (velocity)
rCold  . . .     Clarity  .     c - +0 robe
rNeg   . . .     SustAt   .     (shield restricted)
rPois  .         Gourm    .     (helmet restricted)
rElec  .         Spirit   .     p - +0 cloak
rCorr  .         Warding  .     (gloves unavailable)
rMut   .         Stasis   .     (boots unavailable)
MR     +....                    (no amulet)
Stlth  +++.......               l - ring of protection from fire
                                (no ring)

@: very slightly contaminated, very quick, somewhat resistant to hostile
enchantments, fairly stealthy
A: unfitting armour, see invisible, herbivore 3, speed 3, slow metabolism 2
a: no special abilities


You were on level 4 of the Dungeon.
You were not hungry.

You visited 1 branch of the dungeon, and saw 4 of its levels.

You collected 157 gold pieces.

Inventory:

Hand weapons
 j - a +0 hunting sling of velocity (weapon)
Missiles
 a - 6 tomahawks
 b - a sling bullet (quivered)
 g - 4 curare-tipped needles
 k - 104 stones
 n - 26 bolts
 x - 5 bolts of flame
 y - 16 poisoned needles
Armour
 c - a +0 robe (worn)
 p - a +0 cloak (worn)
Rods
 E - a +1 iron rod (9/9)
   (You found it on level 3 of the Dungeon)
Jewellery
 l - a ring of protection from fire (right hand)
Magical devices
 f - a wand of fire (4)
 s - a wand of slowing (4)
 t - a wand of teleportation (1)
Scrolls
 q - 2 scrolls of fear
 v - a scroll of noise {unknown}
 w - a scroll of immolation {unknown}
 A - a scroll of recharging {unknown}
 B - a scroll of teleportation {unknown}
 C - a scroll of amnesia {unknown}
Potions
 h - 2 potions of brilliance
 i - 3 potions of resistance
 m - 3 potions of might
 o - 2 potions of curing
 r - a potion of cure mutation
 u - a potion of poison {unknown}
 z - a potion of ambrosia {unknown}
 F - a potion of lignification {unknown}
Books
 d - a book of Debilitation

   Spells                             Type                      Level
   a - Corona                         Hexes                        1
   b - Slow                           Hexes                        2
   c - Gell's Gravitas                Hexes/Translocation          3
   d - Inner Flame                    Hexes/Fire                   3
   e - Cause Fear                     Hexes                        4
   f - Leda's Liquefaction            Hexes/Earth                  4
Comestibles
 e - 2 bread rations


   Skills:
 - Level 2.0 Fighting
 * Level 5.0 Slings
 - Level 3.0 Dodging
 + Level 3.1 Stealth
 + Level 3.2 Spellcasting
 + Level 4.7 Hexes


You had 2 spell levels left.
You knew the following spells:

 Your Spells              Type           Power        Failure   Level  Hunger
a - Corona                Hex            ###....      2%          1    #......
b - Slow                  Hex            ###.....     4%          2    ##.....
c - Inner Flame           Hex/Fire       #.......     24%         3    ###....
d - Gell's Gravitas       Hex/Tloc       #.........   24%         3    ###....


Dungeon Overview and Level Annotations

Branches:
Dungeon (4/15)
 Temple: D:4-7

Altars:


Innate Abilities, Weirdness & Mutations

You are tiny and cannot use many weapons and most armour.
You have supernaturally acute eyesight.
You are a herbivore.
You cover ground extremely quickly.
You need consume almost no food.


Message History

The orc priest looks braver for a moment.
Firing (i - inventory. (,) - cycle):
b - 3 sling bullets (quivered)
Press: ? - help, Shift-Dir - straight line, f/p - orc priest
Aim: an orc priest (severely wounded, inner flame)
You shoot a sling bullet.
The sling bullet hits the orc priest but does no damage.
The orc priest is severely wounded.
The orc wizard hits you with a dagger. The orc wizard casts a spell at you.
The magic dart hits you!
Firing (i - inventory. (,) - cycle):
b - 2 sling bullets (quivered)
Press: ? - help, Shift-Dir - straight line, f/p - orc priest
Aim: an orc priest (severely wounded, inner flame)
You shoot a sling bullet.
The sling bullet closely misses the orc priest.
The orc wizard hits you with a dagger.
* * * LOW HITPOINT WARNING * * *
The orc priest mumbles some strange prayers to Beogh against you.
Something smites you!
You die...

#####....##.#.#.###### .#...
.........'........... #. ..##
.........##.###.......# .......
.........##.#########.# .#.....
.........##............ .......
.....###........### #.###.#.....
.....# #.......##<# #.#.(...#'#.
.....###.......##.###.#.....o((.
#######.........@...#.#.o#..#.#O
#........[.o..o(#..o....#
#...###........(#.###...# #...
#.......(.(.# .... #...
#........#### >.. ### #........#
.. ..........# . ......##...#
......##+###


You could see an orc priest (inner flame) and an orc wizard (invisible).

Vanquished Creatures
  A sky beast (D:3)
  A centaur skeleton (D:4)
  Natasha (thrice) (D:2)
  A hound skeleton (D:4)
  Robin (D:2)
  4 adders
  2 oozes (D:3)
  3 worms
  3 orcs (D:4)
  11 bats
  15 goblins
  15 hobgoblins
  2 kobolds
  A quokka (D:2)
  3 ball pythons
  7 giant cockroaches
  A giant gecko (D:1)
  4 giant newts
  6 rats
84 creatures vanquished.

Notes
Turn   | Place    | Note
--------------------------------------------------------------
     0 | D:1      | Kelyas the Spriggan Arcane Marksman began the quest for the Orb.
     0 | D:1      | Reached XP level 1. HP: 9/9 MP: 3/3
   232 | D:1      | Reached skill level 1 in Fighting
   308 | D:1      | Reached XP level 2. HP: 11/14 MP: 6/6
   327 | D:1      | Learned a level 2 spell: Slow
   945 | D:2      | Reached XP level 3. HP: 18/18 MP: 7/7
  1038 | D:2      | Noticed Natasha
  1077 | D:2      | Killed Natasha
  1077 | D:2      | Reached skill level 1 in Stealth
  1077 | D:2      | Reached skill level 4 in Hexes
  1108 | D:2      | Learned a level 3 spell: Inner Flame
  1472 | D:2      | Noticed Robin
  1490 | D:2      | Reached XP level 4. HP: 11/22 MP: 8/8
  1534 | D:2      | Killed Robin
  1653 | D:2      | Noticed Natasha
  1655 | D:2      | Killed Natasha
  1821 | D:2      | Noticed Natasha
  1829 | D:2      | Killed Natasha
  2710 | D:3      | Reached XP level 5. HP: 23/26 MP: 10/10
  3185 | D:3      | Noticed a sky beast
  3450 | D:3      | Killed a sky beast
  3496 | D:3      | Learned a level 3 spell: Gell's Gravitas
  3730 | D:4      | Reached XP level 6. HP: 30/30 MP: 11/11
  3839 | D:4      | Reached skill level 5 in Slings
  3906 | D:4      | Noticed an ogre
  3925 | D:4      | Killed from afar by an orc priest

Vault maps used:
D:1:      dpeg_arrival_more_subterranean_lakeside_camping, minmay_bisected
D:2:      uniq_natasha, uniq_robin
D:3:      first_bread
D:4:      nicolae_overflow_hidden_temple, minmay_temple_entry_trees,
          kennysheep_nub

Action                   |  1- 3 |  4- 6 || total
-------------------------+-------+-------++-------
 Fire: Hunting sling     |   131 |   261 ||   392
Throw: Stone             |       |     1 ||     1
 Cast: Slow              |     3 |     4 ||     7
       Corona            |     2 |     9 ||    11
       Inner Flame       |       |     1 ||     1
       Gell's Gravitas   |       |     1 ||     1
  Use: Scroll            |       |     9 ||     9
  Eat: Pizza             |       |     1 ||     1
